 Dungeon Crawl Stone Soup version 0.30.1 (webtiles) character file.

Game seed: 3856223282608221121

275 Labrat the Conjurer (level 6, 0/41 HPs)
             Began as a Human Conjurer on July 9, 2023.
             Slain by Edmund
             ... wielding a +6 flail of holy wrath
              (9 damage)
             ... on level 4 of the Dungeon.
             The game lasted 00:06:56 (3753 turns).

Labrat the Conjurer (Human Conjurer)                Turns: 3753, Time: 00:06:57

Health: 0/41       AC:  2    Str:  7    XL:     6   Next: 50%
Magic:  3/12       EV: 17    Int: 20    God:
Gold:   173        SH:  0    Dex: 12    Spells: 8/13 levels left

rFire   . . .        o - +2 dagger (venom)
rCold   . . .        (no shield)
rNeg    . . .        a - +0 robe
rPois   .            (no helmet)
rElec   .            (no cloak)
rCorr   .            (no gloves)
SInv    .            (no boots)
Will    .....        (no amulet)
Stlth   ++           m - +5 ring of evasion
HPRegen 0.26/turn    (no ring)
MPRegen 0.13/turn

%: no passive effects
@: no status effects
A: no striking features
a: no special abilities


You were on level 4 of the Dungeon.
You visited 1 branch of the dungeon, and saw 4 of its levels.

You collected 173 gold pieces.

Inventory:

Hand Weapons
 o - a +2 dagger of venom (weapon)
Armour
 a - a +0 robe (worn)
Jewellery
 m - a +5 ring of evasion (left hand)
 n - an amulet of guardian spirit
 q - a +4 ring of protection
Scrolls
 c - 2 scrolls of blinking {unknown}
 e - a scroll of enchant weapon {unknown}
 f - 5 scrolls of identify {unknown}
 g - 2 scrolls of amnesia {unknown}
 h - 2 scrolls of enchant armour {unknown}
 j - a scroll of magic mapping {unknown}
 p - a scroll of teleportation {unknown}
 r - a scroll of immolation {unknown}
Potions
 b - a potion of magic
 d - a potion of resistance {unknown}
 i - 3 potions of curing {unknown}
 k - a potion of flight {unknown}
 l - 2 potions of might {unknown}


   Skills:
 - Level 2.0 Dodging
 - Level 2.0 Stealth
 + Level 4.3 Spellcasting
 + Level 5.9 Conjurations


You had 8 spell levels left.
You knew the following spells:

 Your Spells              Type           Power      Damage    Failure   Level
a - Magic Dart            Conj           100%       1d8       1%          1
b - Searing Ray           Conj           56%        2d6       1%          2
c - Poisonous Vapours     Pois/Air       8%         N/A       19%         2

Your spell library contained the following spells:

 Spells                   Type           Power      Damage    Failure   Level
 Dazzling Flash           Conj/Hex       32%        N/A       11%         3
 Sting                    Tmut/Pois      16%        1d3       12%         1
 Summon Small Mammal      Summ           16%        N/A       12%         1
 Call Canine Familiar     Summ           4%         N/A       36%         3
 Summon Guardian Golem    Hex/Summ       4%         N/A       36%         3
 Fulminant Prism          Conj/Hex       8%         3d7       36%         4
 Iskenderun's Mystic Bla  Conj/Tloc      16%        2d5       36%         4
 Olgreb's Toxic Radiance  Pois           4%         N/A       77%         4


Dungeon Overview and Level Annotations

Branches:
Dungeon (4/15)
 Temple: D:4-7

Altars:
Trog

Annotations:
D:3 moth
D:4 Edmund


Message History

Aiming: Searing Ray (safe; 1% risk of failure)
Press: ? - help, Shift-Dir - straight line, f - wight
Aim: a wight, wielding a +0 flail and wearing a +0 robe (79% to hit)
The searing ray hits the wight!
The wight is severely damaged.
The searing ray hits the goblin!
You kill the goblin!
The searing ray hits Edmund.
Edmund is lightly wounded. (Press . to maintain the ray.)
The wight hits you with a +0 flail.
You feel drained.
The searing ray hits the wight!
You destroy the wight!
The searing ray hits Edmund.
Edmund is lightly wounded.
Your life force feels restored.
The searing ray misses Edmund.
Unknown command.
Edmund says, "People accused me of being a cutpurse!"
Edmund attacks as you move away! Edmund misses you.
You aren't carrying any items that you can evoke.
Unknown command.
Edmund attacks as you move away!
Edmund hits you with a +6 flail of holy wrath!
Edmund attacks as you move away!
Edmund hits you with a +6 flail of holy wrath!
Casting: Searing Ray (safe; 1% risk of failure)
Confirm with . or Enter, or press ? or * to list all spells.
Aiming: Searing Ray (safe; 1% risk of failure)
Press: ? - help, Shift-Dir - straight line, f - Edmund
Aim: Edmund, wielding a +6 flail of holy wrath and wearing a +0 chain mail (lightly wounded, 85% to hit)
The searing ray hits Edmund.
Edmund is lightly wounded. (Press . to maintain the ray.) Edmund hits you with a +6 flail of holy wrath!
* * * LOW HITPOINT WARNING * * *
The searing ray hits Edmund but does no damage.
Edmund is lightly wounded.
Edmund hits you with a +6 flail of holy wrath!
You die...

#............))(...........
..####............####.##..##...
........########.## #.##.###...
.!#####.:)######.#####....# #...
###..@.[##.#.....#### #...
#####.##.#.#...# #..(
#.##.......# #### #.#.@#.###.#
#.>@.#...).# ##<###.##### #.#
#....# #.######.# #.....##.#
#####.##.# ##### #.##.# #...#
#.##.# #.#.######.##.#


You could see Edmund.

Vanquished Creatures
  3 wights (D:4)
  A hound (D:4)
  An adder (D:2)
  A dart slug (D:4)
  5 worms
  An orc (D:3)
  2 bats
  9 endoplasms
  2 giant cockroaches
  7 hobgoblins
  3 jackals (D:4)
  6 ball pythons
  5 frilled lizards
  7 goblins
  10 kobolds
  6 rats
69 creatures vanquished.

Notes
Turn   | Place    | Note
-------+----------+-------------------------------------------
     0 | D:1      | Labrat the Human Conjurer began the quest for the Orb.
     0 | D:1      | Reached XP level 1. HP: 13/13 MP: 3/3
   184 | D:1      | Reached XP level 2. HP: 19/19 MP: 0/5
   656 | D:1      | Reached XP level 3. HP: 24/24 MP: 4/6
   659 | D:1      | Learned a level 2 spell: Searing Ray
  1754 | D:2      | Reached XP level 4. HP: 30/30 MP: 3/8
  2113 | D:3      | Found a faded altar of an unknown god.
  2542 | D:3      | Noticed a moth of wrath
  2545 | D:3      | Found a bloodstained altar of Trog.
  2736 | D:3      | Learned a level 2 spell: Poisonous Vapours
  2851 | D:4      | Noticed a wight
  2851 | D:4      | Noticed a wight
  2851 | D:4      | Noticed a wight
  2990 | D:4      | Reached skill level 5 in Conjurations
  2990 | D:4      | Reached XP level 5. HP: 31/35 MP: 1/10
  3095 | D:4      | Noticed Edmund
  3692 | D:4      | Reached XP level 6. HP: 41/41 MP: 2/12
  3753 | D:4      | Slain by Edmund

Illustrated notes

Levels and vault maps discovered:
D:1:      dpeg_arrival_rooms_b, layout_loops_ring, minmay_misc_feat_five
D:2:      layout_basic
D:3:      cheibrodos_old_hovel, layout_basic, tgw_trog,
          shapermc_ecumenical_altar_starsandcircs
D:4:      layout_basic, uniq_grinder, uniq_edmund, uniq_ijyb

Skill      XL: |  1  2  3  4  5 |
---------------+----------------+-----
Spellcasting   | 3 4 |  4.3
Conjurations   | 5 |  5.9
Dodging        | |  2.0
Stealth        | |  2.0

Action                     |  1- 3 |  4- 6 || total
---------------------------+-------+-------++-------
  Melee: Unarmed           |     5 |       ||     5
         Dagger            |       |     8 ||     8
   Cast: Magic Dart        |    66 |    48 ||   114
         Searing Ray       |       |     7 ||     7
         Poisonous Vapours |       |     4 ||     4
 Armour: Robe              |     1 |       ||     1
  Dodge: Dodged            |    12 |    16 ||    28
